 Dungeon Crawl Stone Soup version 0.25-a0-353-ged6d54792d (webtiles) character file.

Game seed: 16464196486339531009, levelgen mode: deterministic

2149 PentaManta the Nimble (level 9, -1/41 HPs)
             Began as a Spriggan Assassin on Jan 2, 2020.
             Was a Priest of Okawaru.
             Slain by a wight
             ... wielding a cursed +3 great sword
              (15 damage)
             ... on level 7 of the Dungeon.
             The game lasted 00:19:08 (8011 turns).

PentaManta the Nimble (Spriggan Assassin)           Turns: 8011, Time: 00:19:09

Health: -1/41      AC:  5    Str:  7    XL:     9   Next: 10%
Magic:  10/10      EV: 28    Int: 13    God:    Okawaru [***...]
Gold:   327        SH:  0    Dex: 20    Spells: 8/8 levels left

rFire    . . .     SeeInvis +   w - +2 dagger (protect)
rCold    . . .     Gourm    .   (shield restricted)
rNeg     . . .     Faith    .   x - +0 animal skin
rPois    .         Spirit   .   (helmet restricted)
rElec    .         Reflect  .   g - +2 cloak
rCorr    .         Harm     .   (gloves unavailable)
MR       +++..                  (boots unavailable)
Stlth    +++++.....             (no amulet)
HPRegen  0.13/turn              a - ring of protection from magic
MPRegen  0.12/turn              b - ring of protection from magic

@: lightly drained, very quick
A: very small, unfitting armour, see invisible, herbivore, speed 3, slow
metabolism 2
a: Heroism, Renounce Religion


You were on level 7 of the Dungeon.
You worshipped Okawaru.
Okawaru was most pleased with you.
You were very hungry.

You visited 2 branches of the dungeon, and saw 9 of its levels.

You collected 327 gold pieces.

Inventory:

Hand Weapons
 w - a +2 dagger of protection (weapon)
 y - a +2 dagger of venom
Missiles
 d - 43 poisoned darts (quivered)
 e - 2 curare-tipped darts
 z - a throwing net
Armour
 g - a +2 cloak (worn)
 x - a +0 animal skin (worn)
Jewellery
 a - a ring of protection from magic (left hand)
 b - a ring of protection from magic (right hand)
 C - an uncursed ring of fire
Wands
 c - a wand of digging (6)
 v - a wand of random effects (18)
 B - a wand of paralysis (7)
 I - a wand of enslavement (12)
Scrolls
 i - 2 scrolls of magic mapping
 j - 4 scrolls of teleportation
 p - a scroll of remove curse
 q - 2 scrolls of blinking
Potions
 h - 3 potions of haste
 k - a potion of magic
 l - a potion of lignification
 m - a potion of agility
 n - a potion of invisibility
 o - 3 potions of heal wounds
 s - a potion of mutation
 t - a potion of ambrosia {unknown}
 D - a potion of cancellation {unknown}
 F - a potion of brilliance {unknown}
 G - a potion of resistance {unknown}
Comestibles
 f - 8 rations


   Skills:
 - Level 1.5(1.0) Fighting
 + Level 6.8(6.2) Short Blades
 - Level 2.0(1.4) Throwing
 * Level 11.9(11.2) Dodging
 + Level 10.9(10.2) Stealth


You had 8 spell levels left.
You didn't know any spells.
Your spell library was empty.

Dungeon Overview and Level Annotations

Branches:
Dungeon (8/15)             Temple (1/1) D:6
   Lair: D:8-11

Altars:
Ashenzari
Cheibriados
Dithmenos
Elyvilon
Gozag
Hepliaklqana
Kikubaaqudgha
Nemelex Xobeh
Okawaru
Qazlal
Ru
Sif Muna
Trog
Uskayaw
Vehumet
Wu Jian
Xom
Yredelemnul
Zin
The Shining One

Annotations:
D:6 Sigmund
D:7 exclusion: 2 killer bees
D:8 Maurice


Innate Abilities, Weirdness & Mutations

You are very small and have problems with some larger weapons.
You are too small for most types of armour.
You have supernaturally acute eyesight. (SInv)
You are a herbivore.
You cover ground extremely quickly.
You need to consume almost no food.


Message History

The wight is severely damaged.
The wight barely misses you.
You hit the wight but do no damage.
The wight is severely damaged.
The wight barely misses you.
You hit the wight but do no damage.
The wight is severely damaged.
The wight misses you. x2
You barely miss the wight.
The wight is severely damaged.
You closely miss the wight.
The wight is severely damaged.
The wight misses you.
The wight hits you with a cursed +3 great sword.
You hit the wight but do no damage.
The wight is severely damaged.
The wight completely misses you.
There is a stone staircase leading up here.
The wight hits you with a cursed +3 great sword!
You die...

.......... #..# .....$.# #.#
.>...# ##.# .....# ##..#
.....# ####..### .....###
#....z..#
.......#####.......#
.....#..........zz.#
...).#..........@..#
...................#
...................#
)..................#
.##...........######
###...........#
..............#############
..............#.....#..=..##
###.#......................##


You could see 3 wights.

Vanquished Creatures
  Prince Ribbit (D:6)
  A hungry ghost (D:6)
  Menkaure (D:7)
  An orc warrior (D:5)
  2 ice beasts
  4 centaurs
  2 ogres
  3 scorpions
  2 howler monkeys
  A centaur zombie (D:7)
  A crimson imp (D:5)
  2 orc wizards
  A jelly (D:7)
  Crazy Yiuf (D:2)
  A hound (D:5)
  5 orc priests
  Jessica (D:3)
  3 worker ants
  A hound zombie (D:6)
  A hound skeleton (D:4)
  Robin (D:3)
  7 adders
  A howler monkey skeleton (D:4)
  2 oozes
  An adder zombie (D:7)
  An adder skeleton (D:5)
  3 worms
  3 dart slugs
  4 leopard geckos
  12 orcs
  3 ball pythons
  6 bats
  6 giant cockroaches
  16 goblins
  8 hobgoblins
  3 jackals (D:4)
  11 kobolds
  7 quokkas
  4 frilled lizards
  A quokka skeleton (D:7)
  5 rats
140 creatures vanquished.

Vanquished Creatures (others)
  2 plants
2 creatures vanquished.

Grand Total: 142 creatures vanquished

Notes
Turn   | Place    | Note
-------+----------+-------------------------------------------
     0 | D:1      | PentaManta the Spriggan Assassin began the quest for the
                  | Orb.
     0 | D:1      | Reached XP level 1. HP: 10/10 MP: 2/2
     2 | D:1      | Noticed a halfling
     4 | D:1      | Noticed a draconian
     4 | D:1      | Noticed a human
     6 | D:1      | Noticed an ogre
     6 | D:1      | Noticed a minotaur
     8 | D:1      | Noticed an elf
     8 | D:1      | Noticed a vine stalker
    10 | D:1      | Noticed a tengu
    10 | D:1      | Noticed an octopode
    12 | D:1      | Noticed a demigod
    12 | D:1      | Noticed a demonspawn
    14 | D:1      | Noticed a centaur
    14 | D:1      | Noticed a dwarf
    16 | D:1      | Noticed a spriggan
    16 | D:1      | Noticed a ghoul
    18 | D:1      | Noticed a naga
    18 | D:1      | Noticed a troll
    20 | D:1      | Noticed a gargoyle
    22 | D:1      | Noticed a felid
    22 | D:1      | Noticed a merfolk
    24 | D:1      | Noticed a vampire
    26 | D:1      | Noticed a formicid
    59 | D:1      | Reached skill level 2 in Dodging
    80 | D:1      | Reached XP level 2. HP: 12/14 MP: 3/3
   539 | D:1      | Reached skill level 3 in Dodging
   705 | D:1      | Reached XP level 3. HP: 14/18 MP: 4/4
   925 | D:2      | Reached skill level 4 in Dodging
  1201 | D:2      | Reached XP level 4. HP: 22/22 MP: 5/5
  1650 | D:2      | Found a runed translucent door.
  1651 | D:2      | Noticed Crazy Yiuf
  1762 | D:2      | Killed Crazy Yiuf
  2117 | D:3      | Noticed an ogre
  2138 | D:3      | Killed an ogre
  2138 | D:3      | Reached skill level 5 in Dodging
  2138 | D:3      | Reached XP level 5. HP: 25/25 MP: 6/6
  2234 | D:3      | Reached skill level 6 in Dodging
  2362 | D:3      | Found an iron altar of Okawaru.
  2426 | D:3      | Became a worshipper of Warmaster Okawaru
  2571 | D:3      | Noticed Jessica
  2573 | D:3      | Killed Jessica
  2573 | D:3      | Reached XP level 6. HP: 30/30 MP: 7/7
  2655 | D:3      | Noticed Robin
  2682 | D:3      | Killed Robin
  3629 | D:4      | Reached skill level 7 in Dodging
  4123 | D:5      | Entered Level 5 of the Dungeon
  4129 | D:5      | Noticed a +0 hand axe
  4160 | D:5      | Reached * piety under Okawaru
  4160 | D:5      | Reached XP level 7. HP: 18/33 MP: 8/8
  4218 | D:5      | Reached skill level 8 in Dodging
  4503 | D:5      | You fall into a shaft and drop 2 floors!
  4646 | D:7      | Found a stormy altar of Qazlal.
  4670 | D:6      | Noticed Prince Ribbit
  4696 | D:6      | Killed Prince Ribbit
  4696 | D:6      | Reached skill level 5 in Short Blades
  4696 | D:6      | Reached skill level 9 in Dodging
  4758 | D:5      | Reached ** piety under Okawaru
  4986 | D:5      | Reached XP level 8. HP: 7/37 MP: 9/9
  5406 | D:5      | Noticed a +0 dagger
  5417 | D:5      | Found a hide-covered altar of Uskayaw.
  5438 | D:5      | Reached skill level 10 in Dodging
  5522 | D:5      | Found an ancient bone altar of Kikubaaqudgha.
  5687 | D:6      | Found a staircase to the Ecumenical Temple.
  5697 | Temple   | Entered the Ecumenical Temple
  5864 | D:6      | Reached skill level 10 in Stealth
  6186 | D:6      | Noticed Sigmund
  6347 | D:6      | Reached skill level 11 in Dodging
  6844 | D:7      | Noticed Menkaure
  6909 | D:7      | Killed Menkaure
  6926 | D:7      | Reached *** piety under Okawaru
  6942 | D:8      | Noticed Maurice
  7465 | D:6      | Reached XP level 9. HP: 39/41 MP: 10/10
  8011 | D:7      | Slain by a wight

Levels and vault maps discovered:
D:1:      kb_arrival_jail, layout_basic, lexackson_kobold_supper
D:2:      layout_basic, uniq_crazy_yiuf_cottage
D:3:      kb_forest_paths, layout_basic, lemuel_coloured_pillars_altar,
          first_ration, uniq_robin, uniq_jessica
D:4:      layout_basic, kennysheep_boxes
D:5:      layout_loops_ring, dancing_weapons_uskayaw, basic_altar
D:6:      layout_basic, minmay_temple_entry_grid, minmay_misc_feat_plants,
          uniq_prince_ribbit1, uniq_sigmund
D:7:      layout_rooms, grunt_qazlal_clouds, uniq_menkaure
D:8:      layout_gridville, grunt_temple_overflow_growth_and_decay,
          makhleb_grotto_becter, serial_shops, nicolae_shop_stone,
          minmay_misc_feat_room, uniq_harold, uniq_maurice
Temple:   compressed_dpeg_circular_temple

Skill      XL: |  1  2  3  4  5  6  7  8 |
---------------+-------------------------+-----
Dodging        | 2 3 4 5 6 7 9 11 | 11.9
Stealth        | 6 7 8 9 10 | 10.9
Short Blades   | 3 4 5 6 |  6.8
Fighting       | |  1.5
Throwing       | |  2.0

Action                   |  1- 3 |  4- 6 |  7- 9 || total
-------------------------+-------+-------+-------++-------
Melee: Dagger            |   114 |   209 |   291 ||   614
       Short sword       |       |       |    33 ||    33
Throw: Dart              |     5 |     8 |    19 ||    32
  Use: Scroll            |     1 |       |    12 ||    13
       Potion            |       |     3 |     3 ||     6
 Stab: Sleeping          |     9 |     7 |    16 ||    32
       Distracted        |       |       |     2 ||     2
  Eat: Ration            |       |       |     4 ||     4
Armor: Robe              |     8 |     3 |       ||    11
       Animal skin       |       |    10 |    17 ||    27
Dodge: Dodged            |    88 |   196 |   244 ||   528

Table legend:
 A = Non-vault XP
 B = Vault XP
 C = Vault XP percentage of total XP
 D = Non-vault monster count
 E = Vault monster count
 F = Vault count percentage of total count
                 A         B        C        D         E       F
            +---------+---------+-------+---------+---------+-------
      Total |    2379 |     692 |  22.5 |     112 |      28 |  20.0
            +---------+---------+-------+---------+---------+-------
        D:1 |      34 |      13 |  27.7 |      19 |       8 |  29.6
        D:2 |      65 |      41 |  38.7 |      18 |       1 |   5.3
        D:3 |      81 |     198 |  71.0 |      12 |      17 |  58.6
        D:4 |     280 |       0 |   0.0 |      20 |       0 |   0.0
        D:5 |     702 |       0 |   0.0 |      16 |       0 |   0.0
        D:6 |     789 |     268 |  25.4 |      14 |       1 |   6.7
        D:7 |     428 |     172 |  28.7 |      13 |       1 |   7.1
            +---------+---------+-------+---------+---------+-------
